 Dungeon Crawl Stone Soup version 0.27-a0-79-gcaaa221d37 (webtiles) character file.

Game seed: 13941930357649525653

4771 kae the Martial Artist (level 10, -7/69 (80) HPs)
             Began as an Octopode Transmuter on Jan 14, 2021.
             Was an Initiate of Ru.
             Mangled by a soul eater (9 damage)
             ... summoned by an orc sorcerer
             ... on level 8 of the Dungeon.
             The game lasted 00:08:55 (11310 turns).

kae the Martial Artist (Octopode Transmuter)       Turns: 11310, Time: 00:08:56

HP:   -7/69 (80)    AC:  6    Str: 12    XL:     10   Next: 47%
MP:   18/18         EV: 18    Int: 17    God:    Ru [......]
Gold: 415           SH:  0    Dex: 18    Spells: 12/20 levels left

rFire    x . .     SeeInvis .     - Unarmed
rCold    + + +     Faith    .   (shield currently unavailable)
rNeg     . . .     Spirit   .   (helmet currently unavailable)
rPois    +         Reflect  .   l - amulet of magic regeneration
rElec    .         Harm     .   o - +6 ring of dexterity
rCorr    .         Rampage  .   n - +4 ring of evasion
Will     +....                  k - ring of willpower
Stlth    ++........             (no ring)
HPRegen  0.21/turn              (no ring)
MPRegen  0.41/turn              (no ring)
                                (no ring)
                                (no ring)

@: ice-form, heavily drained
A: large, almost no armour, stealthy swim, amphibious, 8 rings, (constrict 8)
a: End Transformation, Renounce Religion


You were on level 8 of the Dungeon.
You worshipped Ru.
Ru was noncommittal.
You were a creature of crystalline ice.
You visited 2 branches of the dungeon, and saw 9 of its levels.

You collected 415 gold pieces.

Inventory:

Jewellery
 k - a ring of willpower (on tentacle)
 l - an amulet of magic regeneration (around neck)
 n - a +4 ring of evasion (right front paw)
 o - a +6 ring of dexterity (left front paw)
Wands
 j - a wand of iceblast (4)
Scrolls
 a - 5 scrolls of identify
 b - 5 scrolls of fog
 g - 7 scrolls of teleportation
 h - a scroll of fear
 m - a scroll of enchant armour
 p - a scroll of vulnerability {unknown}
Potions
 d - 3 potions of curing
 e - a potion of brilliance
 f - a potion of flight
 i - a potion of resistance
 q - a potion of mutation


   Skills:
 + Level 5.6 Fighting
 + Level 5.9 Dodging
 * Level 8.7 Unarmed Combat
 + Level 5.6 Spellcasting
 + Level 5.9 Transmutations
 - Level 5.0 Ice Magic
 - Level 3.0 Poison Magic


You had 12 spell levels left.
You knew the following spells:

 Your Spells              Type           Power        Failure   Level
a - Beastly Appendage     Tmut           48%          1%          1
b - Spider Form           Tmut/Pois      9%           6%          3
c - Ice Form              Ice/Tmut       23%          14%         4

Your spell library contained the following spells:

 Spells                   Type           Power        Failure   Level
 Wereblood                Tmut           24%          1%          2
 Blade Hands              Tmut           12%          32%         5


Dungeon Overview and Level Annotations

Branches:
Dungeon (8/15)             Temple (1/1) D:4
   Lair: D:8-11

Altars:
Ashenzari
Cheibriados
Dithmenos
Elyvilon
Fedhas
Gozag
Hepliaklqana
Kikubaaqudgha
Makhleb
Nemelex Xobeh
Okawaru
Qazlal
Ru
Sif Muna
Trog
Uskayaw
Vehumet
Wu Jian
Xom
Yredelemnul
Zin
The Shining One

Shops:
D:4 =   D:6 [   D:8 (

Portals:
Abyss: D:4

Annotations:
D:4 2 transporters, wakim's ghost, amateur TrFi


Innate Abilities, Weirdness & Mutations

You cannot wear most types of armour.
You are very stealthy in the water. (Stealth+)
You are amphibious.
You can wear up to eight rings at the same time.
((You can use your tentacles to constrict eight enemies at once.))
((Your skin changes colour to match your surroundings (Stealth+).))
((Your rubbery body absorbs attacks. (AC +1, EV +1)))


Message History

You barely miss the orc sorcerer.
The orc sorcerer is moderately wounded.
The orc sorcerer hits you but does no damage.
The soul eater hits you!!
You feel drained.
You barely miss the orc sorcerer.
The orc sorcerer is moderately wounded.
The orc sorcerer misses you. The soul eater hits you!
You feel drained.
You punch the orc sorcerer! You freeze the orc sorcerer.
The orc sorcerer is severely wounded.
The orc sorcerer casts a spell at you. You resist with almost no effort.
The soul eater completely misses you.
You hit the orc sorcerer but do no damage.
The orc sorcerer is severely wounded.
The orc sorcerer hits you with a cursed -2 dagger.
You barely miss the orc sorcerer.
The orc sorcerer is severely wounded.
The soul eater hits you!!
* * * LOW HITPOINT WARNING * * *
You feel drained.
You die...

. ...o..... .. ......
#..#####..####
#............#
##.#####..###)# ...#
#..# #.#
#.####..###+#########
#......o#...........#
#..###.Y#...........#
##.###..3...........#
#..###.#........<..#
##.# #......>..#####
#.# #.#######.# # #.#
#.# #.# ##. #.# #.#
#.# ##.( #.###.#
####'#####... #..##.#
#............


You could see a soul eater (summoned) and an orc sorcerer.

Vanquished Creatures
  Erica (D:8)
  An orc sorcerer (D:8)
  Maggie (D:7)
  Sigmund (D:3)
  A wyvern (D:7)
  Menkaure (D:7)
  A water moccasin (D:6)
  2 orc warriors (D:7)
  A sky beast (D:6)
  A necrophage (D:8)
  An ice beast (D:6)
  A phantom (D:6)
  5 ogres
  A centaur (D:8)
  Blork the orc (D:6)
  A big kobold (D:8)
  2 bullfrogs (D:7)
  3 scorpions
  3 killer bees (D:7)
  A wight (D:6)
  2 howler monkeys
  3 hounds
  A bullfrog zombie (D:7)
  A jelly (D:8)
  2 bullfrog skeletons
  4 gnoll shamans (D:6)
  4 orc priests
  Crazy Yiuf (D:6)
  An iguana (D:6)
  3 worker ants
  An orc wizard (D:3)
  A killer bee zombie (D:8)
  A hound skeleton (D:6)
  A worker ant zombie (D:7)
  37 gnolls
  5 adders
  2 ufetubi
  An ooze (D:2)
  An adder skeleton (D:5)
  An adder zombie (D:6)
  4 worms
  3 dart slugs
  7 leopard geckos
  24 orcs
  7 bats
  6 giant cockroaches
  5 goblins
  7 hobgoblins
  31 jackals
  5 quokkas
  2 ball pythons
  4 frilled lizards
  A jackal zombie (D:7)
  10 kobolds
  A leopard gecko skeleton (D:4)
  2 quokka skeletons
  9 rats
231 creatures vanquished.

Vanquished Creatures (others)
  A rat (D:3)
  2 plants (D:6)
3 creatures vanquished.

Grand Total: 234 creatures vanquished

Notes
Turn   | Place    | Note
-------+----------+-------------------------------------------
     0 | D:1      | kae the Octopode Transmuter began the quest for the Orb.
     0 | D:1      | Reached XP level 1. HP: 13/13 MP: 3/3
   640 | D:1      | Reached XP level 2. HP: 18/18 MP: 3/5
  1303 | D:1      | Reached XP level 3. HP: 18/23 MP: 4/6
  1394 | D:1      | Learned a level 3 spell: Spider Form
  1700 | D:2      | Found a shadowy altar of Dithmenos.
  1813 | D:2      | Reached XP level 4. HP: 17/28 MP: 5/7
  1818 | D:2      | Reached skill level 1 in Poison Magic
  2241 | D:2      | Found an ancient bone altar of Kikubaaqudgha.
  2835 | D:3      | Reached XP level 5. HP: 29/34 MP: 4/8
  2895 | D:3      | Reached skill level 4 in Unarmed Combat
  3271 | D:3      | Noticed Sigmund
  3289 | D:3      | Killed Sigmund
  3290 | D:3      | Reached XP level 6. HP: 26/40 MP: 6/10
  3755 | D:3      | Learned a level 4 spell: Ice Form
  3952 | D:4      | Found a staircase to the Ecumenical Temple.
  3970 | D:4      | Noticed an ancient zyme
  4012 | Temple   | Entered the Ecumenical Temple
  4086 | Temple   | Became a worshipper of Ru the Awakened
  4121 | D:4      | Reached skill level 1 in Ice Magic
  4121 | D:4      | Reached XP level 7. HP: 24/45 MP: 11/11
  4367 | D:4      | Found a transporter.
  4368 | D:4      | Found a one-way gate to the infinite horrors of the Abyss.
  4368 | D:4      | Noticed wakim's ghost (amateur TrFi)
  4369 | D:4      | Found the +8 demon trident "Rift" {distort, reach+}
  4369 | D:4      | Noticed a small abomination
  4378 | D:4      | Found a transporter.
  4559 | D:4      | Found Oxtaarik's Jewellery Shoppe.
  4798 | D:4      | Noticed a small abomination
  4923 | D:5      | Entered Level 5 of the Dungeon
  4936 | D:5      | Reached skill level 5 in Unarmed Combat
  5460 | D:5      | Found a shimmering altar of Xom.
  5575 | D:5      | Found a bloodstained altar of Trog.
  5837 | D:6      | Found a hazy altar of Hepliaklqana.
  5978 | D:6      | Found a snail-covered altar of Cheibriados.
  5978 | D:6      | Found an iron altar of Okawaru.
  6085 | D:6      | Found a basalt altar of Yredelemnul.
  6085 | D:6      | Found a glowing silver altar of Zin.
  6086 | D:6      | Found an opulent altar of Gozag.
  6087 | D:6      | Found a broken altar of Ashenzari.
  6093 | D:6      | Noticed Blork the orc
  6146 | D:6      | Reached XP level 8. HP: 17/52 MP: 10/13
  6901 | D:6      | Found Lelutt's Armour Emporium.
  7217 | D:6      | Reached skill level 6 in Unarmed Combat
  8338 | D:6      | Reached XP level 9. HP: 28/58 MP: 12/15
  9056 | D:6      | Found a runed translucent door.
  9057 | D:6      | Noticed Crazy Yiuf
  9156 | D:6      | Killed Crazy Yiuf
  9232 | D:6      | Killed Blork the orc
  9378 | D:7      | Noticed Menkaure
  9383 | D:7      | Killed Menkaure
  9415 | D:7      | Reached skill level 5 in Ice Magic
  9491 | D:7      | Reached skill level 7 in Unarmed Combat
  9820 | D:7      | Noticed Maggie
 10014 | D:7      | Reached skill level 5 in Dodging
 10015 | D:7      | Reached skill level 5 in Transmutations
 10167 | D:7      | Killed Maggie
 10168 | D:7      | Reached skill level 5 in Spellcasting
 10168 | D:7      | Reached XP level 10. HP: 49/65 MP: 17/17
 10282 | D:7      | Reached skill level 5 in Fighting
 10425 | D:8      | Noticed an orc sorcerer
 10426 | D:8      | Identified a scroll of acquirement
 10426 | D:8      | Acquired an uncursed ring of willpower
 10427 | D:8      | Noticed an orc sorcerer
 10432 | D:8      | Killed an orc sorcerer
 10433 | D:8      | Reached skill level 8 in Unarmed Combat
 10765 | D:8      | Found a shimmering blue altar of Sif Muna.
 10827 | D:8      | Found Riehynk's Antique Weapon Emporium.
 10827 | D:8      | Noticed Erica
 10837 | D:8      | Noticed a rust devil
 10840 | D:8      | Killed Erica
 11304 | D:8      | Noticed a soul eater
 11310 | D:8      | HP: 2/73 [soul eater[an orc sorcerer] (21)]
 11310 | D:8      | Mangled by a soul eater

Illustrated notes

Levels and vault maps discovered:
D:1:      sevenhm_arrival_forest_fort_large_2, layout_basic
D:2:      layout_basic, grunt_dithmenos_smoke, general_overflow_altar,
          grunt_decor_junction
D:3:      layout_loops_ring, uniq_sigmund
D:4:      layout_cave_pools, minmay_temple_entry_statues_pillars, serial_shops,
          nicolae_shop_statue_plus, gammafunk_ghost_abyssal_escape
D:5:      layout_loops_cross, basic_altar, trog_three_pillars_becter
D:6:      lemuel_castle_with_subvaults [lemuel_castle_interior_carwin_3],
          layout_basic, grunt_temple_overflow_open, serial_shops,
          nicolae_shop_waterfront, minmay_checkerbox, uniq_crazy_yiuf_cottage,
          uniq_blork_the_orc
D:7:      layout_basic, uniq_maggie, uniq_menkaure
D:8:      cheibrodos_wizards_tower, layout_basic, lemuel_round_altar,
          gammafunk_ghost_arena, serial_shops, nicolae_shop_trees, uniq_erica,
          uniq_gastronok
Temple:   nicolae_temple_hex_pool

Skill      XL: |  1  2  3  4  5  6  7  8  9 10 |
---------------+-------------------------------+-----
Poison Magic   | 1 3 |  3.0
Unarmed Combat | 4 5 6 7 8 |  8.7
Fighting       | 2 3 4 5 |  5.6
Spellcasting   | 3 4 5 |  5.6
Transmutations | 3 4 5 |  5.9
Dodging        | 3 4 5 |  5.9
Ice Magic      | 1 2 4 5 |  5.0

Action                   |  1- 3 |  4- 6 |  7- 9 | 10-12 || total
-------------------------+-------+-------+-------+-------++-------
Melee: Unarmed           |    74 |   128 |   408 |    80 ||   690
       Constrict         |    22 |    29 |    27 |     2 ||    80
       Tentacles         |    11 |    18 |    22 |     2 ||    53
       Kick              |    19 |    14 |    20 |       ||    53
       Punch             |     2 |     6 |     3 |       ||    11
 Cast: Beastly Appendage |    16 |    18 |    16 |       ||    50
       Spider Form       |       |     5 |    35 |     8 ||    48
       Ice Form          |       |       |     4 |     5 ||     9
Invok: Reject Sacrifices |       |       |     1 |       ||     1
Evoke: Wand              |       |       |       |     4 ||     4
  Use: Scroll            |       |     8 |    10 |     3 ||    21
       Potion            |       |     1 |       |     1 ||     2
 Stab: Sleeping          |     4 |     5 |     1 |       ||    10
       Distracted        |       |       |       |     1 ||     1
Armor: Skin              |     6 |     8 |    16 |     2 ||    32
Dodge: Dodged            |    55 |    83 |   326 |    89 ||   553

Table legend: (Time is in decaauts)
 A = Elapsed time spent in this place.
 B = Non-inter-level travel time spent in this place.
 C = Inter-level travel time spent in this place.
 D = Time resting spent in this place.
 E = Time spent auto-exploring this place.
 F = Levels seen in this place.
 G = Mean time per level.
                   A        B        C        D        E       F      G
               +--------+--------+--------+--------+--------+-----+--------+
         Total |  11248 |  10964 |    284 |   1701 |   7542 |   9 | 1249.8 |
       Dungeon |  11170 |  10896 |    274 |   1701 |   7476 |   8 | 1396.2 |
        Temple |     77 |     68 |      9 |      0 |     66 |   1 |   77.0 |
               +--------+--------+--------+--------+--------+-----+--------+

Top non-repeatable levels by time:
     D:6: 3349 daAuts
     D:1: 1528 daAuts
     D:2: 1325 daAuts
     D:5: 1181 daAuts
     D:7: 1152 daAuts
     D:3: 1068 daAuts
     D:4: 908 daAuts
     D:8: 657 daAuts
  Temple: 77 daAuts
